 Dungeon Crawl Stone Soup version 0.16-a0-1132-gad589c6 (webtiles) character file.

80927 RobertPalmer the Unseen (level 15, -14/86 HPs)
             Began as an Octopode Gladiator on Oct 6, 2014.
             Was the Champion of Dithmenos.
             Killed by Shatter
             ... invoked by Jorgrun
              (63 damage)
             ... on level 2 of the Swamp on Oct 7, 2014.
             The game lasted 02:38:07 (36561 turns).

RobertPalmer the Unseen (Octopode Gladiator)       Turns: 36561, Time: 02:38:07

Health: -14/86     AC:  3    Str: 15    XL:     15   Next: 68%
Magic:  25/25      EV: 22    Int: 18    God:    Dithmenos [******]
Gold:   1535       SH:  6    Dex: 15    Spells: 7 memorised, 0 levels left

rFire  . . .     SeeInvis .     a - +2 trident (freeze)
rCold  + . .     Clarity  .     i - +1 buckler
rNeg   . . .     SustAb   .     c - +2 hat
rPois  +         Gourm    .     k - amulet of resist mutation
rElec  .         Spirit   .     l - +2 ring of evasion
rCorr  .         Warding  .     d - +4 ring of intelligence
rMut   +         Stasis   .     n - ring of protection from magic
MR     ++...                    G - ring of protection from cold
Stlth  ++++++++++               O - +6 ring of slaying
                                S - ring of poison resistance
                                Q - +2 ring of slaying
                                V - ring of wizardry

@: lethally poisoned, about to teleport, very slightly contaminated, wreathed by
umbra, very resistant to hostile enchantments, uncannily stealthy
A: almost no armour, amphibious, 8 rings, constrict 8, camouflage 1, gelatinous
body 1
a: Shadow Step, Shadow Form, Renounce Religion


You were on level 2 of the Swamp.
You worshipped Dithmenos.
Dithmenos was exalted by your worship.
You were not hungry.

You visited 5 branches of the dungeon, and saw 26 of its levels.
You also visited: Labyrinth and Ossuary.

You collected 1535 gold pieces.


Innate Abilities, Weirdness & Mutations

You cannot wear most types of armour.
You are amphibious.
You can wear up to eight rings at the same time.
You can use your tentacles to constrict many enemies at once.
Your skin changes colour to match your surroundings (Stealth).
Your rubbery body absorbs attacks (AC +1).


   Skills:
 - Level 2.6 Fighting
   Level 5.3(10.4) Axes
   Level 3.4(4.9) Maces & Flails
 - Level 13.0(13.4) Polearms
 - Level 2.6 Throwing
 - Level 12.3 Dodging
 - Level 19.0 Stealth
 - Level 5.1 Shields
 - Level 4.1 Spellcasting
 + Level 10.2 Summonings
 - Level 1.4 Invocations
 - Level 7.4 Evocations


You couldn't memorise any spells.
You knew the following spells:

 Your Spells              Type           Power        Failure   Level  Hunger
b - Blink                 Tloc           N/A          9%          2    #......
c - Iron Shot             Conj/Erth      #.........   100%        6    #######
g - Regeneration          Chrm/Necr      #.........   19%         3    ###....
r - Recall                Summ/Tloc      N/A          2%          3    ###....
x - Beastly Appendage     Trmt           #.....       6%          1    None
y - Monstrous Menagerie   Summ           #####.....   16%         6    #######
z - Magic Dart            Conj           #...         6%          1    None

Inventory:

Hand weapons
 a - a +2 trident of freezing (weapon)
 b - the +9 blowgun of Extremism {evade, +Inv +Fly rF+ rC+}
   (You found it on level 4 of the Dungeon)

   It affects your evasion (+5 to EV).
   It protects you from fire.
   It protects you from cold.
   It lets you turn invisible.
   It lets you fly.
Missiles
 j - 26 poisoned needles
 y - 8 needles of confusion
Armour
 c - a +2 hat (worn)
 i - a +1 buckler (worn)
Magical devices
 s - a wand of teleportation (2) {!d}
 H - a wand of digging (9)
 L - a wand of enslavement (21)
 P - a wand of teleportation (3) {!d}
Comestibles
 f - 11 bread rations
 g - 8 meat rations
 I - 16 fruits
Scrolls
 e - a scroll of blinking
 p - a scroll of enchant weapon
 q - 5 scrolls of amnesia
 x - 15 scrolls of remove curse
 z - 4 scrolls of magic mapping
 E - a scroll of fog
 J - a scroll of brand weapon
 N - a scroll of recharging
 U - 2 scrolls of fear
Jewellery
 d - a +4 ring of intelligence (right tentacle)
 h - an uncursed amulet of stasis {unknown}
 k - an amulet of resist mutation (around mantle)
 l - a +2 ring of evasion (left tentacle)
 m - a +3 ring of intelligence
 n - a ring of protection from magic (on tentacle)
 G - a ring of protection from cold (on tentacle)
 O - a +6 ring of slaying (on tentacle)
 Q - a +2 ring of slaying (on tentacle)
 S - a ring of poison resistance (on tentacle)
 V - a ring of wizardry (on tentacle)
 Z - an uncursed ring of magical power
Potions
 t - 4 potions of heal wounds
 u - 5 potions of curing
 v - 4 potions of brilliance
 w - 2 potions of poison {unknown}
 B - 4 potions of cancellation
 D - 3 potions of magic
 F - 3 potions of restore abilities
 R - 2 potions of agility
 T - 2 potions of might
 W - a potion of cure mutation
 X - a potion of haste
Books
 r - a book of Power
 M - a book of Battle
 Y - a Grand Grimoire {highlevel, unknown}
Miscellaneous
 A - a disc of storms
 C - a sack of spiders {used: 8}
 K - a fan of gales (inert)

Dungeon Overview and Level Annotations

Branches:
Dungeon (14/15)            Temple (1/1) D:6             Orc (1/4) D:10
   Lair (8/8) D:8           Swamp (2/5) Lair:3        Snake (0/5) Lair:5
  Slime (0/6) Lair:7
 Vaults: D:13-14

Altars:
Ashenzari
Cheibriados
Dithmenos
Elyvilon
Fedhas
Gozag
Kikubaaqudgha
Makhleb
Nemelex Xobeh
Okawaru
Qazlal
Ru
Sif Muna
Trog
Vehumet
Xom
Yredelemnul
Zin
The Shining One
Beogh
Jiyva

Portals:
Trove: D:10 (show horn of Geryon)

Annotations:
Orc:1 WhatIsLove's ghost, powerful KoHu
Lair:7 exclusion: 2 oklob plants
Swamp:2 Jorgrun

≈... ≈≈§♣
≈≈≈♣ .♣♣♣♣♣
≈≈≈ ....≈≈≈
≈≈≈ ≈..g≈.≈
≈.. ...≈≈..♣♣
....
...♣≈≈...♣♣♣
..≈≈.
♣....≈...≈.♣
≈.≈.♣
♣≈≈..♣.≈%≈@♣♣
♣≈..♣SS.S
♣♣...♣.♣
≈..≈♣.≈.♣
♣/♣..♣♣
≈≈..≈..≈
♣♣♣♣♣♣
≈≈≈...♣♣♣♣
≈≈≈≈§...≈♣≈
≈≈.........
....♣.J§J.≈
§§♣♣♣ .♣♣


You could see Jorgrun.


Message History

You feel sick.
You hit the ball python but do no damage.
You grab the ball python. You squeeze the ball python.
You kill the ball python!
Dithmenos accepts your kill.
You feel sick. The adder bites you.
You barely miss the adder. You squeeze the adder!
The adder is almost dead.
You feel sick. The adder barely misses you.
You barely miss the adder. You grab the adder.
The adder is almost dead.
You constrict the adder. You block the adder's attack.
You impale the adder!! You freeze the adder.
You kill the adder!
Dithmenos accepts your kill.
You feel sick.
You feel sick.
You start resting.
You feel sick.
You feel sick. x6
Jorgrun is nearby!
Unknown command.
Read which item? (? for menu, Esc to quit)
As you read the scroll of teleportation, it crumbles to dust.
You feel strangely unstable.
You feel sick.
Jorgrun mutters some incantations to himself.
Jorgrun casts a spell.
The dungeon rumbles around Jorgrun!
You shudder from the earth-shattering force.
Ouch! That really hurt!
You die...

Action                   |  1- 3 |  4- 6 |  7- 9 | 10-12 | 13-15 || total
-------------------------+-------+-------+-------+-------+-------++-------
Melee: Flail             |    65 |    58 |       |       |       ||   123
       War axe           |       |    37 |    21 |       |       ||    58
       Spear             |       |       |   140 |       |       ||   140
       Halberd           |       |       |     8 |       |       ||     8
       Long sword        |       |       |     2 |       |       ||     2
       Trident           |       |       |   201 |   751 |   871 ||  1823
 Fire: Blowgun           |       |    17 |    91 |   213 |   264 ||   585
Throw: Throwing net      |     1 |     1 |     5 |       |     1 ||     8
 Cast: Beastly Appendage |       |       |       |       |    11 ||    11
 Abil: Evoke Invisibilit |       |       |     4 |    13 |    14 ||    31
       Evoke Flight      |       |       |       |       |     2 ||     2
Evoke: Wand              |       |       |    21 |     6 |    43 ||    70
       Sack of spiders   |       |       |       |     3 |     5 ||     8
       Fan of gales      |       |       |       |       |     2 ||     2
  Use: Scroll            |     5 |     1 |    18 |    10 |    23 ||    57
       Potion            |       |       |     5 |     5 |     6 ||    16
 Stab: Sleeping          |     3 |     6 |    21 |    96 |   160 ||   286
       Held in net/web   |     1 |       |     4 |       |       ||     5
       Distracted        |       |       |     3 |    14 |    23 ||    40
       Invisible         |       |       |     1 |    17 |    21 ||    39
       Confused          |       |       |     1 |       |     4 ||     5
  Eat: Chunk             |     1 |     8 |    12 |    34 |    29 ||    84
       Pizza             |       |       |     3 |     1 |     3 ||     7
       Meat ration       |       |       |     1 |       |     1 ||     2
       Fruit             |       |       |       |     2 |     1 ||     3
       Beef jerky        |       |       |       |     1 |     7 ||     8
       Bread ration      |       |       |       |       |     1 ||     1

Vault maps used:
D:1:      lightli_arrival_quake
D:2:      nicolae_overflow_hidden_temple, serial_glass, glass_columns_c,
          glass_columns_b
D:3:      makhleb_heckhound_becter, uniq_iyjb
D:4:      lemuel_doored_altar, minitemple, hangedman_decor_opposing, minivault_1
D:5:      first_bread, minivault_23, uniq_menkaure, uniq_duvessa
D:6:      grunt_temple_overflow_order_and_chaos_1, kennysheep_mini_moat,
          temple_pool_b
D:7:      uniq_eustachio
D:8:      grunt_temple_overflow_opulence, lemuel_crystal_altar,
          erik_lair_island, nicolae_ossuary_entry_monument,
          minmay_sticks_and_stones, uniq_maurice
D:9:      lemuel_round_altar, special_room, basic_altar,
          hangedman_tell_no_tales, kennysheep_generic_room_10
D:10:     hiddenorc1_lemuel, nicolae_trove_entry_crystal,
          kennysheep_generic_room_4
D:11:     serial_corexii_hall, corexii_hall_statues_i,
          corexii_hall_statues_deadend, lab_entry_generic
D:12:     minmay_diamond_stairs, basic_altar
D:14:     lightli_vaults_fourway_checkpoint, grunt_dithmenos_smoke_and_mirrors,
          uniq_josephine, uniq_erica
Temple:   temple_of_Zot_ovaries
Lair:1:   grunt_megastairs_1, infiniplex_staircase_pool, serial_bayou_shore_b
Lair:2:   serial_bayou_lagoon_a, lemuel_fruit_tree, serial_bayou_shore_b
Lair:3:   swamp_mist_pool, worms_lemuel
Lair:4:   uniq_maud
Lair:5:   dummy_snake_entry
Lair:6:   gammafunk_lair_enchanted_lake, basic_altar, pf_torpor_hydra
Lair:7:   slime_altar_2, beast_lair_carwin_11, grunt_megastairs_2
Lair:8:   hangedman_lair_in_review, hangedman_lair_caniforms_friends,
          special_room, basic_altar, st_stairs_13, uniq_nergalle
Swamp:1:  evilmike_swamp_ruin_house_6
Swamp:2:  evilmike_swamp_ruin_house_4, swamp_pool5, ldierk_geyser,
          nicolae_swamp_snake_nest, uniq_jorgrun
Lab:      nicolae_lab_plus, lab_statue
Ossuary:  ossuary_due_small_catacomb

Notes
Turn   | Place    | Note
--------------------------------------------------------------
     0 | D:1      | RobertPalmer, the Octopode Gladiator, began the quest for the Orb.
     0 | D:1      | Reached XP level 1. HP: 14/14 MP: 1/1
   350 | D:1      | Reached XP level 2. HP: 12/19 MP: 2/2
   954 | D:1      | Reached XP level 3. HP: 24/24 MP: 3/3
  1431 | D:2      | Found a blossoming altar of Fedhas.
  1438 | D:2      | Reached XP level 4. HP: 14/30 MP: 4/4
  2050 | D:3      | Noticed Ijyb
  2062 | D:3      | Killed Ijyb
  2062 | D:3      | Reached skill level 1 in Axes
  2235 | D:3      | Reached skill level 2 in Axes
  2235 | D:3      | Reached XP level 5. HP: 18/35 MP: 5/5
  2409 | D:3      | Reached skill level 3 in Axes
  3021 | D:3      | Found a burning altar of Makhleb.
  3123 | D:4      | Got a faintly glowing blowgun
  3124 | D:4      | Identified the +9 blowgun of Extremism {evade, +Inv +Fly rF+ rC+} (You found it on level 4 of the Dungeon)
  3147 | D:4      | Reached skill level 4 in Axes
  3162 | D:4      | Reached XP level 6. HP: 39/41 MP: 6/6
  3363 | D:4      | Noticed an ogre
  3388 | D:4      | Killed an ogre
  3388 | D:4      | Reached skill level 5 in Axes
  3508 | D:4      | Reached skill level 1 in Evocations
  3708 | D:4      | Found an ancient bone altar of Kikubaaqudgha.
  3709 | D:4      | Found a shattered altar of Ashenzari.
  3716 | D:4      | Found a radiant altar of Vehumet.
  3904 | D:4      | Found a stormy altar of Qazlal.
  3995 | D:4      | Reached XP level 7. HP: 45/45 MP: 9/9
  4017 | D:4      | Reached skill level 2 in Evocations
  4557 | D:5      | Entered Level 5 of the Dungeon
  5133 | D:5      | Reached skill level 3 in Evocations
  5163 | D:5      | Reached skill level 4 in Evocations
  5401 | D:5      | Noticed Dowan
  5407 | D:5      | Noticed Duvessa
  5430 | D:5      | Killed Duvessa
  5430 | D:5      | Reached skill level 5 in Evocations
  5435 | D:5      | Killed Dowan
  5461 | D:5      | Noticed Menkaure
  5468 | D:5      | Killed Menkaure
  5468 | D:5      | Reached skill level 6 in Evocations
  5468 | D:5      | Reached XP level 8. HP: 51/51 MP: 14/16
  5497 | D:5      | Reached skill level 7 in Evocations
  5658 | D:5      | Reached skill level 1 in Polearms
  5839 | D:5      | Reached skill level 2 in Polearms
  6183 | D:6      | Found a glowing silver altar of Zin.
  6183 | D:6      | Found a shimmering altar of Xom.
  6183 | D:6      | Noticed an angel
  6257 | D:6      | Reached skill level 3 in Polearms
  6641 | D:6      | Found a white marble altar of Elyvilon.
  6711 | D:6      | Noticed a troll
  6804 | D:6      | Killed a troll
  6804 | D:6      | Reached skill level 5 in Polearms
  7055 | D:5      | Upgraded the game from 0.16-a0-1120-gd281f79 to 0.16-a0-1132-gad589c6
  7395 | D:5      | Reached skill level 6 in Polearms
  7395 | D:5      | Reached XP level 9. HP: 24/55 MP: 19/19
  7648 | D:6      | Found a staircase to the Ecumenical Temple.
  7800 | Temple   | Entered the Ecumenical Temple
  7966 | D:6      | Reached skill level 7 in Polearms
  8110 | D:6      | Reached skill level 8 in Polearms
  8232 | D:7      | Noticed Eustachio
  8258 | D:7      | Killed Eustachio
  8809 | D:7      | Reached skill level 1 in Stealth
  8965 | D:8      | Found a bloodstained altar of Trog.
  8991 | D:7      | Reached skill level 2 in Stealth
  9090 | D:8      | Reached skill level 3 in Stealth
  9149 | D:8      | Found a sand-covered staircase.
  9158 | D:8      | Reached skill level 4 in Stealth
  9168 | Ossuary  | Entered an ossuary
  9510 | Ossuary  | Reached skill level 5 in Stealth
  9687 | D:8      | Reached skill level 6 in Stealth
  9824 | D:8      | Reached skill level 7 in Stealth
  9824 | D:8      | Reached XP level 10. HP: 45/61 MP: 20/20
  9918 | D:8      | Noticed Maurice
  9949 | D:8      | Found a staircase to the Lair.
 10439 | D:9      | Reached skill level 8 in Stealth
 10476 | D:9      | Reached skill level 9 in Stealth
 10666 | D:9      | Found a shadowy altar of Dithmenos.
 10674 | D:9      | Became a worshipper of Dithmenos the Shadowed
 11088 | D:9      | Got a dazzling scimitar
 11089 | D:9      | Identified the +8 scimitar "Xyas" {slice, Dex-4 Int+2} (You took it off an orc on level 9 of the Dungeon)
 11153 | D:9      | Found a roughly hewn altar of Beogh.
 11345 | D:9      | Reached skill level 10 in Stealth
 11857 | D:8      | Noticed a cyclops
 12197 | D:8      | Reached skill level 11 in Stealth
 12209 | D:8      | Killed Maurice
 12307 | D:8      | Reached skill level 12 in Stealth
 12405 | D:8      | Found a sparkling altar of Nemelex Xobeh.
 12406 | D:8      | Found an opulent altar of Gozag.
 12649 | D:8      | Reached skill level 13 in Stealth
 12888 | D:8      | Killed a cyclops
 12888 | D:8      | Reached skill level 14 in Stealth
 12888 | D:8      | Reached XP level 11. HP: 66/66 MP: 21/21
 12919 | D:8      | Acquired Dithmenos' first power
 13015 | D:9      | Found a burning altar of Makhleb.
 13517 | D:10     | Entered Level 10 of the Dungeon
 13815 | D:10     | Reached skill level 15 in Stealth
 13852 | D:10     | Noticed a hill giant
 13935 | D:10     | Found a portal to a secret trove of treasure.
 14115 | D:10     | Acquired Dithmenos' second power
 14172 | D:10     | Found a staircase to the Orcish Mines.
 14500 | D:10     | Reached skill level 4 in Dodging
 15007 | D:10     | Killed a hill giant
 15007 | D:10     | Reached skill level 5 in Dodging
 15357 | Lair:1   | Entered Level 1 of the Lair of Beasts
 15492 | Lair:1   | Identified a wand of teleportation (You found it on level 1 of the Lair of Beasts)
 15560 | Lair:1   | Reached skill level 6 in Dodging
 15857 | Lair:1   | Reached skill level 7 in Dodging
 15998 | Lair:1   | Noticed an eight-headed hydra
 16021 | Lair:1   | Killed an eight-headed hydra
 16021 | Lair:1   | Reached skill level 8 in Dodging
 16137 | Lair:1   | Got an ancient cutlass
 16144 | Lair:1   | Identified the +5 cutlass of Wyrd {flame, +Fly rElec} (You found it on level 1 of the Lair of Beasts)
 16812 | Lair:2   | Reached skill level 9 in Dodging
 16812 | Lair:2   | Reached XP level 12. HP: 72/72 MP: 22/22
 16987 | Lair:2   | Acquired Dithmenos' third power
 17487 | Lair:2   | Reached skill level 10 in Dodging
 18044 | Lair:3   | Found a staircase to the Swamp.
 18047 | Lair:3   | Reached skill level 11 in Dodging
 18071 | Lair:3   | Reached skill level 1 in Shields
 18127 | Lair:3   | Reached skill level 2 in Shields
 18403 | Lair:3   | Reached skill level 3 in Shields
 18972 | Lair:3   | Reached skill level 4 in Shields
 19190 | Lair:3   | Acquired Dithmenos' fourth power
 19253 | Lair:3   | Reached skill level 5 in Shields
 19373 | Lair:3   | Reached skill level 9 in Polearms
 19571 | Lair:4   | Noticed a seven-headed hydra
 19951 | Lair:4   | Noticed Maud
 19962 | Lair:4   | Killed Maud
 19962 | Lair:4   | Reached skill level 10 in Polearms
 20173 | Lair:4   | Reached XP level 13. HP: 62/76 MP: 24/24
 20391 | Lair:4   | Reached skill level 11 in Polearms
 20771 | Lair:4   | Reached skill level 1 in Invocations
 20867 | Lair:4   | Killed a seven-headed hydra
 21161 | Lair:4   | Noticed a five-headed hydra
 21280 | Lair:4   | Killed a five-headed hydra
 21399 | Lair:4   | Reached skill level 16 in Stealth
 21719 | Lair:4   | Noticed a seven-headed hydra
 21743 | Lair:4   | Killed a seven-headed hydra
 21809 | Lair:5   | Found a staircase to the Snake Pit.
 22042 | Lair:5   | Reached skill level 17 in Stealth
 23346 | Lair:6   | Reached skill level 18 in Stealth
 23627 | Lair:6   | Noticed a dire elephant
 23781 | Lair:6   | Killed a dire elephant
 24096 | Lair:6   | Reached skill level 19 in Stealth
 24135 | Lair:6   | Reached XP level 14. HP: 81/81 MP: 25/25
 24246 | Lair:6   | Found a radiant altar of Vehumet.
 24895 | Lair:7   | Reached skill level 12 in Dodging
 25033 | Lair:7   | Found a viscous altar of Jiyva.
 25033 | Lair:7   | Found a staircase to the Slime Pits.
 25837 | Lair:7   | Learned a level 1 spell: Magic Dart
 25841 | Lair:7   | Learned a level 3 spell: Recall
 25959 | Lair:7   | Reached skill level 1 in Summonings
 25993 | Lair:8   | Entered Level 8 of the Lair of Beasts
 26045 | Lair:8   | Reached skill level 2 in Summonings
 26194 | Lair:8   | Identified a scroll of acquirement
 26493 | Lair:8   | Reached skill level 3 in Summonings
 26527 | Lair:8   | Found a shimmering altar of Xom.
 26801 | Lair:8   | Reached skill level 12 in Polearms
 27067 | Lair:8   | Reached skill level 4 in Summonings
 27113 | Lair:8   | Noticed Nergalle
 27302 | Lair:8   | Killed Nergalle
 28007 | Lair:7   | Reached skill level 5 in Summonings
 28543 | D:9      | You fall through a shaft!
 28571 | Orc:1    | Entered Level 1 of the Orcish Mines
 28583 | Orc:1    | Noticed WhatIsLove's ghost (powerful KoHu)
 28627 | D:11     | Found a labyrinth entrance.
 28637 | Lab      | Entered a labyrinth
 30207 | Lab      | Identified a +3 rod of shadows (11/11) (You found it in a labyrinth)
 30212 | Lab      | Identified a +4 lightning rod (12/12) (You found it in a labyrinth)
 30852 | D:11     | Reached skill level 6 in Summonings
 31663 | D:12     | Found an opulent altar of Gozag.
 31821 | D:12     | Reached XP level 15. HP: 83/86 MP: 25/25
 31888 | D:12     | Reached skill level 13 in Polearms
 32200 | D:12     | Noticed a sphinx
 32200 | D:12     | Noticed a sphinx
 32532 | D:13     | Reached skill level 7 in Summonings
 32712 | D:13     | Learned a level 2 spell: Blink
 32911 | D:13     | Learned a level 1 spell: Beastly Appendage
 33385 | D:13     | Reached skill level 8 in Summonings
 34028 | D:14     | Reached skill level 9 in Summonings
 34463 | Swamp:1  | Entered Level 1 of the Swamp
 34521 | Swamp:1  | Learned a level 6 spell: Monstrous Menagerie
 35044 | Swamp:1  | Reached skill level 10 in Summonings
 35135 | Swamp:1  | Reached skill level 1 in Spellcasting
 35316 | Swamp:1  | Reached skill level 2 in Spellcasting
 35651 | Swamp:1  | Reached skill level 3 in Spellcasting
 35675 | Swamp:1  | Learned a level 6 spell: Iron Shot
 36354 | Swamp:2  | Reached skill level 4 in Spellcasting
 36425 | Swamp:2  | Learned a level 3 spell: Regeneration
 36472 | Swamp:2  | Noticed Jorgrun
 36561 | Swamp:2  | Killed from afar by Jorgrun

Vanquished Creatures
  Maud (Lair:4)
  A dire elephant (Lair:6)
  A minotaur (Lab)
  15 hydras
  An alligator (Swamp:1)
  A tengu warrior (D:14)
  2 catoblepae
  3 skeletal warriors (D:13)
  2 swamp dragons (Swamp:1)
  A spriggan druid (Swamp:1)
  An orc knight (D:12)
  5 hill giants
  A wolf spider zombie (D:13)
  6 ugly things
  4 griffons
  2 manticores (Lair:8)
  15 elephants
  2 cyclopes
  Maurice (D:8)
  A gargoyle (D:10)
  17 spiny frogs
  9 black mambas
  3 fire drakes
  17 komodo dragons
  6 giant leeches
  15 blink frogs
  3 trolls
  A boulder beetle (Lair:8)
  2 bog bodies (Swamp:1)
  5 ravens
  2 slime creatures (Swamp:2)
  A trapdoor spider zombie (D:9)
  3 basilisks
  A spriggan (Swamp:2)
  3 trapdoor spiders (Lab)
  40 yaks
  Eustachio (D:7)
  2 deep elf magi
  6 vampire mosquitoes
  A deep elf fighter (D:12)
  A hungry ghost (D:10)
  13 hippogriffs
  3 shadows
  3 wyverns
  A wraith (D:12)
  2 hill giant skeletons
  A steam dragon (D:9)
  13 wolves
  Menkaure (D:5)
  12 swamp worms
  A warg (Orc:1)
  15 water moccasins
  A soldier ant (D:13)
  12 porcupines
  2 ice beasts
  2 swamp drakes (Swamp:1)
  10 orc warriors
  2 sky beasts
  A yellow wasp (Swamp:2)
  2 black bears (D:8)
  3 necrophages
  4 phantoms
  5 ogres
  12 crocodiles
  13 centaurs
  2 big kobolds
  Duvessa (D:5)
  21 giant frogs
  A wyvern zombie (D:13)
  6 insubstantial wisps (Swamp:1)
  5 scorpions
  A water moccasin skeleton (D:5)
  2 jellies (D:5)
  8 electric eels
  5 killer bees (D:11)
  A quasit (D:9)
  A hippogriff zombie (D:11)
  11 wights
  3 centaur zombies
  A spriggan skeleton (D:9)
  A troll skeleton (D:10)
  Dowan (D:5)
  6 crimson imps
  A goliath beetle (D:9)
  A lava snake (Lair:5)
  13 hounds
  8 orc priests
  A centaur skeleton (D:9)
  9 orc wizards
  5 iguanas
  8 worker ants
  A killer bee zombie (D:8)
  13 sheep
  Ijyb (D:3)
  A hound skeleton (D:7)
  11 mummies (Ossuary)
  8 gnolls
  A worker ant zombie (D:7)
  23 green rats
  37 adders
  4 gnoll skeletons
  2 shadow imps
  18 worms
  7 giant geckos
  3 oozes
  82 orcs
  21 bats
  A bat zombie (D:5)
  3 giant cockroaches
  11 goblins
  18 hobgoblins
  5 jackals
  19 quokkas
  2 ball pythons
  A giant cockroach zombie (D:6)
  3 giant newts
  A goblin skeleton (Ossuary)
  32 kobolds
  2 kobold skeletons (Ossuary)
  2 orc skeletons (Ossuary)
  2 orc zombies
  15 rats
  11 rat skeletons (Ossuary)
  6 fungi
  4 plants
833 creatures vanquished.

Vanquished Creatures (collateral kills)
  An alligator (Swamp:2)
  Nergalle (Lair:8)
  A hydra skeleton (D:10)
  A crocodile (Swamp:2)
4 creatures vanquished.

Vanquished Creatures (others)
  A catoblepas (Lair:8)
  An air elemental (Lair:5)
  3 trapdoor spiders
  8 spiders
  A giant mite (D:10)
  5 fungi
  2 plants (Lair:8)
  14 toadstools (Lair:6)
35 creatures vanquished.

Grand Total: 872 creatures vanquished
